Map: Neon Violet Square LE

Players

axu

  • Race: Protoss Protoss
  • League: Platinum
  • Spawn Location: 5:00

cdrFinlay - Winner!

  • Race: Zerg Zerg
  • League: Platinum
  • Spawn Location: 11:00

VOD

Have the link to the VOD?

Description

Time

  • Played on: April 10, 2018, 11:03 a.m.
  • Length: 9:28
Show
View Real Time Build Order
Export as new Build Order

axu Protoss 

Build Orders:  

Get SALT Encoding   

  12  0:01  Probe  
  13  0:13  Probe  
  14  0:21  Pylon  
  14  0:25  Probe  
  15  0:39  Probe (Chrono Boost)  
  15  0:41  Gateway  
  16  0:51  Assimilator, Probe (Chrono Boost)  
  17  0:59  Probe (Chrono Boost)  
  18  1:05  Probe  
  19  1:46  Cybernetics Core  
  19  1:59  Gateway  
  19  2:01  Pylon  
  19  2:03  Nexus  
  19  2:24  Zealot  
  21  2:34  Probe  
  21  2:35  Assimilator  
  22  2:46  Probe  
  22  2:47  Warp Gate  
  22  2:49  Zealot (Chrono Boost)  
  25  3:04  Shield Battery  
  25  3:11  Adept (Chrono Boost)  
  27  3:14  Adept (Chrono Boost)  
  29  3:23  Probe (Chrono Boost)  
  31  3:28  Probe (Chrono Boost)  
  32  3:35  Probe (Chrono Boost)  
  33  3:42  Probe (Chrono Boost)  
  33  3:46  Adept x2  
  37  3:51  Pylon  
  37  3:53  Robotics Facility  
  37  4:03  Probe  
  37  4:04  Probe  
  39  4:16  Probe x2  
  41  4:28  Probe x2  
  43  4:36  Pylon  
  43  4:40  Probe x2  
  43  4:43  Observer  
  46  5:01  Twilight Council  
  46  5:04  Gateway, Observer  
  46  5:06  Gateway  
  47  5:08  Gateway  
  43  5:41  Immortal (Chrono Boost)  
  47  5:59  Probe x2  
  47  6:03  Assimilator  
  49  6:05  Zealot, Charge (Chrono Boost)  
  49  6:06  Zealot x4  
  49  6:07  Assimilator  
  59  6:11  Probe  
  60  6:22  Immortal  
  59  6:45  Zealot  
  61  6:51  Pylon  
  61  6:53  Pylon  
  61  6:56  Pylon  
  61  7:06  Immortal (Chrono Boost)  
  61  7:12  Probe x2  
  67  7:17  Stalker x3  
  73  7:24  Probe x2  
  75  7:34  Nexus  
  75  7:36  Adept x2, Probe  
  80  7:37  Pylon  
  80  7:41  Pylon  
  80  7:42  Probe  
  81  7:48  Probe  
  82  7:55  Probe  
  83  8:00  Shield Battery x2, Probe  
  83  8:05  Shield Battery  
  84  8:06  Pylon  
  84  8:07  Probe  
  85  8:14  Probe  
  85  8:19  Probe  
  87  8:23  Templar Archives  
  87  8:30  Forge  
  87  8:31  Stalker  
  87  8:32  Forge  
  83  8:47  Stalker x2  
  79  8:57  Stalker  
  69  9:05  High Templar x2  
  68  9:11  Archon  
  66  9:20  High Templar x2  
Show
View Real Time Build Order
Export as new Build Order

cdrFinlay Zerg - Winner!

Build Orders: Pool First 

Get SALT Encoding   

  12  0:01  Drone  
  13  0:16  Overlord  
  13  0:19  Drone  
  15  0:35  Drone x2  
  16  0:55  Drone  
  17  0:58  Spawning Pool  
  17  1:02  Drone x2  
  18  1:22  Hatchery, Extractor  
  18  1:23  Drone  
  17  1:45  Drone x3  
  20  1:57  Zergling x2  
  21  2:16  Zergling x2  
  22  2:26  Roach Warren  
  22  2:27  Overlord  
  21  2:33  Queen  
  21  2:35  Queen  
  21  2:36  Overlord  
  24  3:10  Metabolic Boost  
  24  3:14  Spore Crawler  
  23  3:26  Drone x3  
  23  3:27  Drone x3  
  28  3:36  Lair  
  28  3:39  Extractor  
  27  3:41  Drone x2  
  27  3:43  Overlord  
  29  3:53  Roach x4  
  37  4:06  Zergling x8  
  41  4:10  Drone  
  42  4:21  Roach  
  44  4:48  Drone x3  
  44  4:49  Drone x4  
  44  4:52  Overlord  
  51  5:09  Extractor  
  51  5:11  Extractor  
  51  5:12  Drone x3  
  51  5:13  Drone x3  
  53  5:41  Roach x3  
  53  5:42  Overlord x3  
  58  5:43  Overlord  
  58  6:04  Spire  
  57  6:07  Drone x5  
  57  6:08  Drone x3  
  63  6:37  Roach  
  63  6:38  Roach x8  
  79  6:40  Overlord  
  79  6:51  Hatchery  
  78  7:14  Evolution Chamber  
  78  7:15  Evolution Chamber  
  76  7:25  Mutalisk x5  
  76  7:26  Mutalisk  
  88  7:41  Overlord x2  
  88  7:46  Mutalisk  
  90  8:04  Mutalisk x2  
  90  8:05  Mutalisk x4  
  102  8:16  Overlord x3  
  102  8:19  Queen  
  104  8:47  Roach x7  
  104  8:48  Roach x2  
Tags
 
Add a new tag
Caveats
  • Supply blocks, unpowered buildings, or Contaminate may cause inaccurate times.
  • Supply counts are checked every 10 seconds.